Map: Dusk Towers

Players

LiquidSnute (Snute) - Winner!

  • Race: Zerg Zerg
  • League: Grandmaster

Seigifried

  • Race: Protoss Protoss

VOD

Have the link to the VOD?

Description

Time

  • Played on: Feb. 17, 2016, 12:57 p.m.
  • Length: 11:05
Show
View Real Time Build Order
Export as new Build Order

LiquidSnute Zerg - Winner!

Build Orders: Hatch First 

Get SALT Encoding   

  12  0:00  Drone  
  13  0:12  Overlord  
  13  0:17  Drone  
  14  0:30  Drone x2  
  14  0:34  Drone  
  17  0:52  Hatchery  
  17  0:56  Drone  
  17  0:58  Drone  
  18  1:17  Drone  
  19  1:19  Spawning Pool, Drone  
  19  1:38  Hatchery  
  18  1:44  Drone x2  
  20  2:05  Queen  
  20  2:06  Queen  
  24  2:08  Overlord  
  24  2:12  Zergling x2  
  24  2:14  Drone  
  26  2:16  Drone  
  26  2:18  Drone  
  28  2:27  Drone x2  
  30  2:33  Drone  
  30  2:36  Drone  
  32  2:41  Queen  
  34  2:47  Overlord  
  34  2:48  Drone  
  34  2:50  Drone  
  36  2:54  Drone  
  36  2:57  Drone  
  38  3:02  Drone  
  38  3:05  Drone  
  40  3:08  Drone  
  41  3:15  Zergling x8  
  45  3:24  Extractor  
  43  3:28  Drone x5  
  43  3:31  Spore Crawler, Drone  
  43  3:32  Drone  
  49  3:38  Overlord  
  49  3:41  Spore Crawler x3  
  48  3:43  Extractor  
  48  3:44  Drone x3, Extractor  
  48  3:51  Drone  
  48  3:55  Drone, Overlord  
  49  3:56  Drone x2  
  49  3:57  Drone x2  
  49  3:58  Queen  
  49  4:00  Queen  
  57  4:05  Roach Warren  
  57  4:06  Drone  
  57  4:11  Overlord x2  
  57  4:15  Drone x2  
  57  4:16  Extractor  
  57  4:17  Drone  
  59  4:23  Drone x3  
  61  4:26  Drone x3  
  61  4:27  Drone  
  61  4:29  Drone  
  61  4:31  Metabolic Boost  
  65  4:34  Drone  
  66  4:48  Roach x4  
  66  4:51  Overlord, Extractor  
  66  4:52  Overlord  
  73  4:53  Drone  
  73  4:56  Roach x2  
  73  4:57  Roach  
  73  4:59  Overlord x2  
  80  5:01  Roach  
  80  5:07  Overlord  
  82  5:12  Roach x2  
  82  5:13  Roach x2  
  90  5:19  Roach x2  
  94  5:27  Overlord  
  94  5:28  Overlord  
  94  5:32  Lair  
  94  5:33  Zergling x16  
  102  5:39  Ravager  
  102  5:42  Ravager  
  104  5:46  Zergling x12  
  110  5:50  Ravager  
  110  5:51  Zergling x4  
  113  6:01  Zergling x10  
  118  6:06  Extractor  
  118  6:08  Zergling x6, Extractor  
  119  6:13  Queen x2  
  119  6:15  Zergling x12  
  129  6:19  Overlord  
  129  6:20  Overlord  
  129  6:29  Overlord  
  114  6:57  Zergling x22  
  114  6:58  Queen x3  
  127  7:03  Nydus Network  
  127  7:08  Drone x4  
  128  7:10  Drone  
  131  7:18  Ravager  
  131  7:19  Ravager  
  131  7:20  Ravager x2  
  131  7:21  Ravager x2  
  131  7:22  Ravager  
  138  7:24  Ravager  
  138  7:25  Ravager x2  
  138  7:26  Overlord  
  141  7:34  Queen x2  
  141  7:36  Queen  
  147  7:40  Nydus Canal  
  147  7:45  Overlord  
  147  7:46  Zergling x10  
  152  7:52  Spire  
  152  7:53  Drone  
  152  7:58  Overseer  
  150  8:09  Queen x2  
  135  8:19  Zergling x26  
  140  8:20  Zergling x10  
  136  8:35  Nydus Canal  
  136  8:41  Drone x2  
  138  8:58  Hatchery  
  131  9:05  Mutalisk  
  131  9:06  Mutalisk x7  
  147  9:14  Mutalisk  
  149  9:20  Mutalisk x3  
  155  9:27  Mutalisk  
  155  9:30  Mutalisk x2  
  161  9:39  Mutalisk x4  
  161  9:41  Overlord  
  161  9:42  Overlord  
  169  9:55  Overlord x2  
  169  10:01  Mutalisk  
  169  10:02  Mutalisk x4  
  179  10:28  Mutalisk x4  
Show
View Real Time Build Order
Export as new Build Order

Seigifried Protoss 

Build Orders: 1 Gate Expand, Oracle Opening 

Get SALT Encoding   

  12  0:01  Probe (Chrono Boost)  
  13  0:11  Probe (Chrono Boost)  
  14  0:21  Pylon  
  14  0:25  Probe (Chrono Boost)  
  15  0:46  Probe (Chrono Boost)  
  15  0:47  Gateway  
  16  0:50  Assimilator  
  17  0:57  Probe (Chrono Boost)  
  17  1:07  Probe (Chrono Boost)  
  18  1:21  Nexus  
  18  1:38  Cybernetics Core  
  18  1:43  Assimilator  
  18  1:49  Probe (Chrono Boost)  
  19  1:59  Probe (Chrono Boost)  
  19  2:00  Pylon  
  20  2:10  Probe (Chrono Boost)  
  20  2:14  Adept  
  23  2:15  Warp Gate  
  24  2:23  Probe (Chrono Boost)  
  24  2:33  Probe (Chrono Boost)  
  24  2:34  Stargate  
  25  2:39  Probe (Chrono Boost)  
  25  2:44  Probe (Chrono Boost)  
  27  2:49  Adept  
  27  2:51  Probe (Chrono Boost)  
  29  2:54  Probe (Chrono Boost)  
  30  3:01  Probe (Chrono Boost)  
  31  3:06  Gateway  
  31  3:10  Probe (Chrono Boost)  
  31  3:12  Probe (Chrono Boost)  
  33  3:38  Oracle (Chrono Boost)  
  33  3:39  Probe x2 (Chrono Boost)  
  38  3:45  Assimilator  
  38  3:46  Pylon  
  38  3:50  Adept, Probe  
  38  3:51  Probe  
  40  3:59  Twilight Council  
  40  4:03  Gateway, Probe  
  40  4:04  Pylon  
  40  4:05  Mothership Core  
  43  4:15  Probe  
  44  4:27  Probe  
  44  4:28  Probe, Void Ray (Chrono Boost)  
  50  4:39  Probe x2  
  52  4:48  Resonating Glaives (Chrono Boost)  
  52  4:50  Probe  
  52  4:51  Probe  
  51  4:54  Robotics Facility  
  51  4:57  Gateway  
  51  5:00  Assimilator, Probe  
  51  5:03  Probe  
  53  5:07  Pylon  
  53  5:08  Adept  
  53  5:09  Adept  
  57  5:20  Probe  
  57  5:22  Probe  
  59  5:30  Nexus  
  59  5:32  Pylon  
  59  5:38  Void Ray (Chrono Boost)  
  59  5:41  Observer  
  64  5:49  Robotics Bay  
  64  5:55  Sentry  
  64  5:56  Sentry  
  68  5:57  Adept  
  68  6:02  Pylon  
  70  6:05  Gateway  
  70  6:07  Gateway  
  70  6:12  Immortal  
  74  6:19  Probe x2  
  76  6:29  Pylon  
  76  6:32  Blink  
  76  6:44  Adept x3  
  78  7:00  Nexus  
  78  7:06  Pylon  
  78  7:08  Pylon  
  78  7:09  Pylon  
  78  7:19  Disruptor, Gateway  
  78  7:21  Gateway  
  78  7:25  Void Ray (Chrono Boost)  
  85  7:32  Gateway  
  85  7:39  Probe x2  
  85  7:43  Adept  
  89  7:48  Adept x3  
  89  7:50  Disruptor  
  89  7:51  Probe  
  96  7:53  Pylon  
  96  7:55  Probe  
  100  8:12  Mothership Core  
  102  8:13  Void Ray (Chrono Boost)  
  102  8:15  Adept x4  
  99  8:21  Disruptor  
  89  8:36  Pylon  
  89  8:38  Pylon  
  89  8:40  Adept x4  
  96  8:51  Pylon  
  96  8:54  Pylon  
  96  9:04  Adept x3  
  96  9:06  Disruptor  
  102  9:14  Void Ray (Chrono Boost)  
  109  9:34  Adept x3  
  109  9:35  Adept  
  117  9:39  Observer  
  117  9:45  Pylon  
  118  9:46  Pylon  
  118  10:05  Stalker x4  
  109  10:22  Stalker x2  
  105  10:29  Stalker  
  105  10:30  Stalker x3  
  105  10:34  Phoenix (Chrono Boost)  
Tags
 
Add a new tag
Caveats
  • Supply blocks, unpowered buildings, or Contaminate may cause inaccurate times.
  • Supply counts are checked every 10 seconds.